[Event "FIDE World Cadets GU12 2022"]
[Site "Batumi"]
[Date "2022.09.26"]
[Round "10.3"]
[White "Abramkina, Veranika"]
[Black "Yousefian, Maedeh"]
[Result "1/2-1/2"]
[ECO "D33"]
[WhiteElo "1445"]
[BlackElo "1765"]
[Annotator "NA RC"]
[PlyCount "64"]
[EventDate "2022.09.16"]
[EventType "swiss"]
[EventCountry "GEO"]
[SourceTitle "playchess.com"]
[Source "ChessBase"]
[SourceQuality "1"]
[TimeControl "5400+30"]

1. Nf3 Nf6 2. g3 d5 3. Bg2 c5 4. O-O Nc6 5. c4 e6 6. cxd5 exd5 7. d4 Be7 8. Nc3 h6 9. dxc5 Bxc5 10. Bf4 O-O 11. Rc1 Be6 12. Na4 Bd6 13. Bxd6 Qxd6 14. Nc5 b6 15. Nb3 Rac8 16. e3 Rc7 17. Nbd4 Nxd4 18. Nxd4 Rc4 19. Rxc4 dxc4 20. Qa4 a5 21. Rc1 Rc8 22. Nxe6 Qxe6 23. Bf1 Rc5 24. Rd1 Qc8 25. Rd6 Qc7 26. Qd1 b5 27. Qd4 b4 28. e4 Nh7 29. Rd7 Qc6 30. Rd6 Qc7 31. Rd7 Qc6 32. Rd6 Qc7 1/2-1/2

[Event "FIDE World Cadets GU12 2022"]
[Site "Batumi"]
[Date "2022.09.26"]
[Round "10.4"]
[White "Kaliakhmet, Elnaz"]
[Black "Ismayilova, Khanim"]
[Result "1-0"]
[ECO "E06"]
[WhiteElo "1864"]
[BlackElo "1901"]
[Annotator "NA RC"]
[PlyCount "81"]
[EventDate "2022.09.16"]
[EventType "swiss"]
[EventCountry "GEO"]
[SourceTitle "playchess.com"]
[Source "ChessBase"]
[SourceQuality "1"]
[TimeControl "5400+30"]

1. d4 d5 2. c4 e6 3. Nf3 Nf6 4. Nc3 Be7 5. g3 O-O 6. Bg2 dxc4 7. Ne5 c5 8. dxc5 Qc7 9. Nxc4 Qxc5 10. b3 Nc6 11. Bb2 Rd8 12. Qc1 Qh5 13. O-O e5 14. h4 Nd4 15. Qg5 Qxg5 16. hxg5 Bb4 17. Rae1 Bxc3 18. Bxc3 Nd5 19. Bb2 Nb4 20. Nxe5 Nxa2 21. Bxd4 Rxd4 22. e3 Rd2 23. Nc4 Rd3 24. Ra1 Nb4 25. Nb6 Rb8 26. Nxc8 Rxc8 27. Rxa7 Rxb3 28. Rxb7 Rd8 29. Bd5 Rb2 30. Bxf7+ Kf8 31. Bc4 Rdd2 32. Rf7+ Ke8 33. Rxg7 Rbc2 34. Be6 Nd3 35. Bf5 Nxf2 36. Bxc2 Nh3+ 37. Kh1 Rxc2 38. Ra1 Nf2+ 39. Kg1 Nh3+ 40. Kf1 Rf2+ 41. Ke1 1-0

[Event "FIDE World Cadets GU12 2022"]
[Site "Batumi"]
[Date "2022.09.26"]
[Round "10.5"]
[White "Huseynli, Ayan"]
[Black "Shreya G Hipparagi"]
[Result "0-1"]
[ECO "D00"]
[WhiteElo "1572"]
[BlackElo "1574"]
[Annotator "NA RC"]
[PlyCount "74"]
[EventDate "2022.09.16"]
[EventType "swiss"]
[EventCountry "GEO"]
[SourceTitle "playchess.com"]
[Source "ChessBase"]
[SourceQuality "1"]
[TimeControl "5400+30"]

1. d4 d5 2. e3 Nf6 3. Bd3 c5 4. c3 Nc6 5. f4 Bg4 6. Nf3 e6 7. Nbd2 Be7 8. O-O Rc8 9. a4 a6 10. h3 Bf5 11. Bxf5 exf5 12. Ne5 Ne4 13. Nxe4 fxe4 14. Qg4 O-O 15. f5 f6 16. Nxc6 Rxc6 17. Bd2 c4 18. Be1 Rb6 19. Ra2 Rb3 20. Bg3 Qa5 21. Rfa1 Qb6 22. Qe2 Kh8 23. h4 g6 24. fxg6 hxg6 25. h5 g5 26. Rf1 Qe6 27. Kf2 f5 28. Ke1 b5 29. axb5 axb5 30. Kd2 Bd6 31. Bxd6 Qxd6 32. Kc2 b4 33. Rfa1 bxc3 34. bxc3 Rfb8 35. Qe1 f4 36. Qf2 Qb6 37. Kd1 Rb1+ 0-1

[Event "FIDE World Cadets GU12 2022"]
[Site "Batumi"]
[Date "2022.09.26"]
[Round "10.6"]
[White "Urangoo, Gurvanbaatar"]
[Black "Merkulova, Victoria"]
[Result "0-1"]
[ECO "B78"]
[WhiteElo "1391"]
[BlackElo "1715"]
[Annotator "NA RC"]
[PlyCount "100"]
[EventDate "2022.09.16"]
[EventType "swiss"]
[EventCountry "GEO"]
[SourceTitle "playchess.com"]
[Source "ChessBase"]
[SourceQuality "1"]
[TimeControl "5400+30"]

1. e4 c5 2. Nf3 d6 3. d4 cxd4 4. Nxd4 Nf6 5. Nc3 g6 6. Be3 Bg7 7. f3 O-O 8. Bc4 Nc6 9. Qd2 Bd7 10. O-O-O Rb8 11. Kb1 b5 12. Bd3 a5 13. h4 Ne5 14. h5 Nc4 15. Bxc4 bxc4 16. Ka1 a4 17. Bh6 Qb6 18. Rb1 Bxh6 19. Qxh6 Qxd4 20. hxg6 fxg6 21. e5 dxe5 22. Rh4 Qa7 23. a3 Bc6 24. Rxc4 Qb7 25. Qe3 Bd5 26. Rxa4 Ra8 27. Rxa8 Rxa8 28. Qxe5 Bf7 29. Re1 Rb8 30. Rb1 Rd8 31. Qe2 Nd5 32. Ne4 Nb4 33. Rh1 Rc8 34. Rc1 Qa7 35. Qd2 Nxc2+ 36. Kb1 Nxa3+ 37. bxa3 Rb8+ 38. Kc2 Bb3+ 39. Kb2 Bc4+ 40. Kc3 Qxa3+ 41. Kxc4 Qb3+ 42. Kd4 Rd8+ 43. Ke5 Rxd2 44. Rc8+ Kf7 45. Nxd2 Qe6+ 46. Kf4 Qxc8 47. Ne4 Qf5+ 48. Kg3 g5 49. Nf2 Qf4+ 50. Kh3 Qh4# 0-1

[Event "FIDE World Cadets GU12 2022"]
[Site "Batumi"]
[Date "2022.09.26"]
[Round "10.7"]
[White "Haasova, Timea"]
[Black "Aydogan, Arya"]
[Result "1-0"]
[ECO "D04"]
[WhiteElo "1707"]
[BlackElo "1489"]
[Annotator "NA RC"]
[PlyCount "145"]
[EventDate "2022.09.16"]
[EventType "swiss"]
[EventCountry "GEO"]
[SourceTitle "playchess.com"]
[Source "ChessBase"]
[SourceQuality "1"]
[TimeControl "5400+30"]

1. d4 d5 2. Nf3 Nf6 3. e3 Bf5 4. Bd3 Bxd3 5. Qxd3 c6 6. Nbd2 e6 7. O-O Bd6 8. e4 dxe4 9. Nxe4 Nxe4 10. Qxe4 Nd7 11. c3 Nf6 12. Qe2 h6 13. Ne5 O-O 14. Bf4 Qe7 15. Rfe1 Rfd8 16. Rad1 Rac8 17. Bg3 c5 18. dxc5 Bxc5 19. Bh4 g5 20. Bg3 Rxd1 21. Rxd1 Rd8 22. h3 Nd5 23. Qh5 Bb6 24. Qxh6 Qf6 25. Qxf6 Nxf6 26. Rxd8+ Bxd8 27. Nc4 Ne4 28. Bb8 a6 29. Kf1 b5 30. Ne3 Bb6 31. Ke2 f5 32. f3 Nc5 33. g3 Kf7 34. Be5 Nd7 35. Bd4 Bc7 36. g4 f4 37. Ng2 e5 38. Bf2 Ke6 39. h4 gxh4 40. Nxh4 Nf6 41. Nf5 e4 42. fxe4 Nxg4 43. Bg1 Ne5 44. Nd4+ Kd7 45. Nf3 Nc4 46. b3 Nd6 47. Kd3 Nf7 48. Bd4 Ke6 49. c4 bxc4+ 50. bxc4 Bd8 51. Ba7 Bf6 52. Bb8 Ng5 53. Nxg5+ Bxg5 54. Ke2 Kd7 55. Kf3 Kc6 56. Bxf4 Be7 57. Be3 Bd6 58. Kg4 Be5 59. Kf5 Bc3 60. e5 Kd7 61. Kf6 Bb2 62. Bf4 Kc6 63. Be3 Kd7 64. Kf5 Ba3 65. Bd4 Ke7 66. c5 Bb4 67. c6 Ba5 68. Bc5+ Kd8 69. Bd6 Bb6 70. e6 Ba5 71. c7+ Kc8 72. e7 Kd7 73. e8=Q+ 1-0

[Event "FIDE World Cadets GU12 2022"]
[Site "Batumi"]
[Date "2022.09.26"]
[Round "10.8"]
[White "Imomkuzieva, Nilufarkhon"]
[Black "Maklakova, Naomi"]
[Result "0-1"]
[ECO "C50"]
[WhiteElo "1481"]
[BlackElo "1635"]
[Annotator "NA RC"]
[PlyCount "108"]
[EventDate "2022.09.16"]
[EventType "swiss"]
[EventCountry "GEO"]
[SourceTitle "playchess.com"]
[Source "ChessBase"]
[SourceQuality "1"]
[TimeControl "5400+30"]

1. e4 e5 2. Nf3 Nc6 3. Bc4 Nf6 4. d3 Bc5 5. Nc3 d6 6. h3 h6 7. Be3 Bb6 8. Bxb6 axb6 9. d4 exd4 10. Nxd4 Ne5 11. Be2 O-O 12. O-O Kh8 13. f4 Ng6 14. Bc4 Nxe4 15. Nxe4 d5 16. f5 Ne5 17. Ng3 Nxc4 18. f6 Rg8 19. Qh5 Qf8 20. Ngf5 Bxf5 21. Nxf5 g6 22. Qxh6+ Qxh6 23. Nxh6 Rgf8 24. Rf4 Kh7 25. Rh4 g5 26. Rh5 Kg6 27. g4 Rh8 28. Nf5 Rxh5 29. Ne7+ Kxf6 30. Nxd5+ Ke5 31. Nxc7 Rhh8 32. Nxa8 Rxa8 33. b3 Ne3 34. Re1 Kf4 35. a4 Rd8 36. c4 Rd7 37. Kf2 Rd2+ 38. Kg1 Rg2+ 39. Kh1 Rb2 40. Rc1 Rxb3 41. c5 bxc5 42. Rxc5 Kg3 43. Rc1 Kxh3 44. Kg1 Nxg4 45. Kf1 f5 46. Rc5 Ne3+ 47. Ke2 Kg4 48. Re5 f4 49. Re7 Kg3 50. Rg7 g4 51. Kd2 Kf3 52. a5 g3 53. Rg6 g2 54. Rf6 Rb2+ 0-1

[Event "FIDE World Cadets GU12 2022"]
[Site "Batumi"]
[Date "2022.09.26"]
[Round "10.9"]
[White "Saparya Ghosh"]
[Black "Sezdbekova, Aizhan"]
[Result "1-0"]
[ECO "D37"]
[WhiteElo "1563"]
[BlackElo "1447"]
[Annotator "NA RC"]
[PlyCount "65"]
[EventDate "2022.09.16"]
[EventType "swiss"]
[EventCountry "GEO"]
[SourceTitle "playchess.com"]
[Source "ChessBase"]
[SourceQuality "1"]
[TimeControl "5400+30"]

1. d4 Nf6 2. c4 e6 3. Nf3 d5 4. Nc3 Be7 5. Bf4 c6 6. e3 Nbd7 7. Bd3 O-O 8. O-O h6 9. h3 Re8 10. Rc1 dxc4 11. Bxc4 Nb6 12. Bd3 Nfd5 13. Bg3 Bd6 14. Ne4 Bxg3 15. Nxg3 f5 16. Ne2 Bd7 17. Ne5 Qf6 18. e4 Nb4 19. Bb1 fxe4 20. Nc3 Qh4 21. Nxe4 Bc8 22. Nd6 Rd8 23. Qf3 Qf6 24. Nxc8 Raxc8 25. Qe4 N4d5 26. Rcd1 Nf4 27. Kh2 a6 28. g3 Nfd5 29. Qh7+ Kf8 30. Rd3 Qg5 31. Rf3+ Nf6 32. Bg6 Nbd5 33. Qh8+ 1-0

[Event "FIDE World Cadets GU12 2022"]
[Site "Batumi"]
[Date "2022.09.26"]
[Round "10.11"]
[White "Kholyavko, Mariya"]
[Black "Gan, Emily Cathay"]
[Result "1-0"]
[ECO "B07"]
[WhiteElo "1421"]
[BlackElo "1550"]
[Annotator "NA RC"]
[PlyCount "67"]
[EventDate "2022.09.16"]
[EventType "swiss"]
[EventCountry "GEO"]
[SourceTitle "playchess.com"]
[Source "ChessBase"]
[SourceQuality "1"]
[TimeControl "5400+30"]

1. d4 Nf6 2. g3 g6 3. Bg2 Bg7 4. e4 d6 5. Nc3 O-O 6. Nge2 Nc6 7. h3 e5 8. Be3 exd4 9. Nxd4 Nxd4 10. Bxd4 Re8 11. O-O c6 12. a4 Be6 13. Qd2 Qd7 14. Kh2 Red8 15. Rad1 Ne8 16. Bxg7 Nxg7 17. f4 f5 18. exf5 Bxf5 19. g4 Be6 20. Ne4 Qe7 21. Rfe1 d5 22. Ng5 Qd6 23. Kh1 Rf8 24. c4 Rad8 25. Qe3 d4 26. Nxe6 Rfe8 27. Rxd4 Qxd4 28. Nxd4 Rxe3 29. Rxe3 Rxd4 30. Re7 Rxc4 31. Rxb7 Rxa4 32. Bxc6 Ra6 33. Bd5+ Kf8 34. Rf7+ 1-0

[Event "FIDE World Cadets GU12 2022"]
[Site "Batumi"]
[Date "2022.09.26"]
[Round "10.12"]
[White "Derlich, Sarah Sima"]
[Black "Khafizova, Diana"]
[Result "0-1"]
[ECO "C41"]
[WhiteElo "1490"]
[BlackElo "1411"]
[Annotator "NA RC"]
[PlyCount "86"]
[EventDate "2022.09.16"]
[EventType "swiss"]
[EventCountry "GEO"]
[SourceTitle "playchess.com"]
[Source "ChessBase"]
[SourceQuality "1"]
[TimeControl "5400+30"]

1. e4 d6 2. d4 Nf6 3. Nc3 Nbd7 4. Nf3 e5 5. Bc4 Be7 6. O-O O-O 7. Re1 c6 8. a4 b6 9. h3 Bb7 10. Be3 Qc7 11. Qe2 a6 12. Bb3 b5 13. axb5 axb5 14. Rxa8 Bxa8 15. Ra1 b4 16. Bxf7+ Kxf7 17. Ng5+ Kg8 18. Qc4+ d5 19. exd5 Nb6 20. Qb3 cxd5 21. Ne6 Qc6 22. Nxf8 Kxf8 23. dxe5 d4 24. f3 dxe3 25. exf6 Qxf6 26. Ne2 Qg5 27. h4 Qe5 28. Ra7 Bd5 29. Qd3 Bc4 30. Qd4 Qxd4 31. Nxd4 Bxh4 32. Rb7 Bf2+ 33. Kh2 e2 34. Nxe2 Bxe2 35. c3 b3 36. f4 Bd1 37. g3 Bc5 38. Kg2 Na4 39. Rb5 Be7 40. Rd5 Bc2 41. Kf3 Nxb2 42. Ke3 Nc4+ 43. Kd4 Nd6 0-1

[Event "FIDE World Cadets GU12 2022"]
[Site "Batumi"]
[Date "2022.09.26"]
[Round "10.13"]
[White "Vlasova, Mariya N"]
[Black "Zarkym, Ailin"]
[Result "0-1"]
[ECO "D01"]
[WhiteElo "1456"]
[BlackElo "1376"]
[Annotator "NA RC"]
[PlyCount "79"]
[EventDate "2022.09.16"]
[EventType "swiss"]
[EventCountry "GEO"]
[SourceTitle "playchess.com"]
[Source "ChessBase"]
[SourceQuality "1"]
[TimeControl "5400+30"]

1. d4 Nf6 2. Bf4 g6 3. Nc3 d5 4. Qd2 Bg7 5. Bh6 O-O 6. O-O-O Nbd7 7. h4 Bxh6 8. Qxh6 Ng4 9. Qf4 Ndf6 10. Nh3 Nh5 11. Qg5 c6 12. f3 f6 13. Qd2 Ng3 14. fxg4 Nxh1 15. Qe3 Qc7 16. Nf4 e5 17. Nfxd5 cxd5 18. Nxd5 Qg7 19. g3 Bxg4 20. Bg2 Nxg3 21. Qxg3 Bxe2 22. Re1 Bc4 23. b3 Bxd5 24. Bxd5+ Kh8 25. dxe5 fxe5 26. Qxe5 Qxe5 27. Rxe5 Rab8 28. Re7 b5 29. Rxa7 Rf4 30. c4 bxc4 31. bxc4 Rxh4 32. a4 Rh2 33. Ra8 Rxa8 34. Bxa8 Kg7 35. c5 Rh4 36. c6 Rxa4 37. Bb7 Rc4+ 38. Kd2 Kf6 39. Kd3 Rc1 40. Kd4 0-1

[Event "FIDE World Cadets GU12 2022"]
[Site "Batumi"]
[Date "2022.09.26"]
[Round "10.15"]
[White "Semenova, Vasilisa"]
[Black "Vizcarra Quispe, Ramalia Bellaluz"]
[Result "0-1"]
[ECO "A58"]
[WhiteElo "1332"]
[BlackElo "1429"]
[Annotator "NA RC"]
[PlyCount "72"]
[EventDate "2022.09.16"]
[EventType "swiss"]
[EventCountry "GEO"]
[SourceTitle "playchess.com"]
[Source "ChessBase"]
[SourceQuality "1"]
[TimeControl "5400+30"]

1. d4 c5 2. d5 Nf6 3. c4 b5 4. cxb5 a6 5. bxa6 e6 6. dxe6 fxe6 7. Nf3 d5 8. e3 Bd6 9. b3 O-O 10. Bb2 Qe7 11. Be2 e5 12. O-O Nxa6 13. Nc3 Nc7 14. Nb5 Nxb5 15. Bxb5 Qc7 16. h3 e4 17. Bxf6 Bb7 18. Bxg7 Qxg7 19. Nh2 Kh8 20. Qg4 Qe5 21. f4 exf3 22. Nxf3 Rxf3 23. Qxf3 Qh2+ 24. Kf2 Rf8 25. Qxf8+ Bxf8 26. a4 d4 27. Be2 Bg7 28. Rad1 Qxg2+ 29. Ke1 Qg3+ 30. Rf2 Bh6 31. Kf1 Bxe3 32. Rf8+ Kg7 33. Rg8+ Kxg8 34. Bc4+ Kh8 35. Ke2 Qf3+ 36. Kd3 Qxd1# 0-1

[Event "FIDE World Cadets GU12 2022"]
[Site "Batumi"]
[Date "2022.09.26"]
[Round "10.16"]
[White "Assylkhan, Asiya"]
[Black "Silva, Juliana Figueira The"]
[Result "1-0"]
[ECO "A45"]
[WhiteElo "1424"]
[BlackElo "1328"]
[Annotator "NA RC"]
[PlyCount "99"]
[EventDate "2022.09.16"]
[EventType "swiss"]
[EventCountry "GEO"]
[SourceTitle "playchess.com"]
[Source "ChessBase"]
[SourceQuality "1"]
[TimeControl "5400+30"]

1. d4 Nf6 2. Bf4 g6 3. c3 Bg7 4. h3 d6 5. Nd2 O-O 6. e4 Nfd7 7. Ngf3 e5 8. dxe5 dxe5 9. Be3 Kh8 10. g4 Nc6 11. Qc2 Qe7 12. Nb3 Rd8 13. Bg2 Nb6 14. Nfd2 Be6 15. Nc5 Rab8 16. Nxe6 Qxe6 17. b3 Qe7 18. O-O Nc8 19. Rad1 Nd6 20. Rfe1 Rf8 21. Bc5 b6 22. Ba3 Na5 23. Re3 c5 24. Rd3 Rfd8 25. Bb2 Nc6 26. Rd5 Qc7 27. Nf1 Ne7 28. R5d2 Rd7 29. Ne3 Bh6 30. Nd5 Nxd5 31. Rxd5 Bg7 32. Qd3 Rbd8 33. g5 Kg8 34. h4 h6 35. Bh3 f5 36. gxf6 Bf8 37. Bxd7 Qxd7 38. Qg3 Kh7 39. Rxe5 Qf7 40. Qf3 Rc8 41. c4 b5 42. Red5 Rc7 43. Be5 Rc6 44. Bxd6 Rxd6 45. Rxd6 Bxd6 46. Rxd6 Qc7 47. e5 Kg8 48. Qd5+ Kf8 49. Rd8+ Qxd8 50. Qxd8+ 1-0

[Event "FIDE World Cadets GU12 2022"]
[Site "Batumi"]
[Date "2022.09.26"]
[Round "10.17"]
[White "Tynyshtyk, Diana"]
[Black "Enkhuyanga Gantsolmon"]
[Result "1-0"]
[ECO "C06"]
[WhiteElo "1373"]
[BlackElo "1301"]
[Annotator "NA RC"]
[PlyCount "89"]
[EventDate "2022.09.16"]
[EventType "swiss"]
[EventCountry "GEO"]
[SourceTitle "playchess.com"]
[Source "ChessBase"]
[SourceQuality "1"]
[TimeControl "5400+30"]

1. e4 e6 2. d4 d5 3. Nd2 Nf6 4. e5 Nfd7 5. Bd3 c5 6. c3 Nc6 7. Ne2 Qb6 8. Nf3 cxd4 9. cxd4 Bb4+ 10. Bd2 O-O 11. O-O Bxd2 12. Qxd2 Qb4 13. Qe3 Qe7 14. Rac1 Nb6 15. Ng3 h6 16. Nh5 Nd7 17. Bb1 f5 18. exf6 Nxf6 19. Qd3 Ne4 20. Ng3 Nb4 21. Qb3 Nxg3 22. fxg3 g5 23. Ne5 Nc6 24. Ng6 Rxf1+ 25. Rxf1 Qb4 26. Qc2 Qxd4+ 27. Kh1 Qg7 28. Rf8+ Qxf8 29. Nxf8 Kxf8 30. Qh7 Ke8 31. Bg6+ Kd8 32. Bh5 Rb8 33. Qxh6 Bd7 34. Bg4 e5 35. Qd6 Ke8 36. Bxd7+ Kf7 37. Bxc6 bxc6 38. Qxb8 Ke6 39. Kg1 d4 40. Kf2 Kd5 41. Qb3+ Kd6 42. Qc4 g4 43. h4 c5 44. h5 e4 45. h6 1-0